 Dungeon Crawl Stone Soup version 0.29.0-15-g675c0067aa (webtiles) character file.

Game seed: 17260484896627503304

396 qw the Chopper (level 6, 0/38 HPs)
             Began as a Gargoyle Fighter on Sept 12, 2022.
             Slain by a gnoll bouda
             ... wielding a +0 club
              (7 damage)
             ... on level 5 of the Dungeon.
             The game lasted 00:01:34 (4114 turns).

qw the Chopper (Gargoyle Fighter)                   Turns: 4114, Time: 00:01:35

Health: 0/38       AC: 15    Str: 21      XL:     6   Next: 83%
Magic:  6/6        EV:  7    Int:  8 (9)  God:
Gold:   225        SH:  4    Dex:  8 (9)  Spells: 5/5 levels left

rFire   . . .      SeeInvis .   Y - +1 war axe
rCold   . . .      Faith    .   c - +0 buckler
rNeg    + . .      Spirit   .   m - +0 chain mail
rPois   inf        Reflect  .   (no helmet)
rElec   +          Harm     .   (no cloak)
rCorr   .          Rampage  .   p - +1 pair of gloves
Will    +....                   (no boots)
Stlth   ..........              h - amulet of regeneration
HPRegen 0.92/turn               g - ring of willpower
MPRegen 0.10/turn               (no ring)

@: about to teleport
A: sickness immunity, AC +4, negative energy resistance 1, electricity
resistance, torment resistance 1, petrification resistance
a: no special abilities


You were on level 5 of the Dungeon.
You visited 1 branch of the dungeon, and saw 5 of its levels.
You also visited: Ossuary.

You collected 225 gold pieces.


Innate Abilities, Weirdness & Mutations

You are immune to sickness and miasma.
Your stone body is resilient. (AC +4)
You are immune to poison.
You resist negative energy. (rN+)
You are resistant to electric shocks. (rElec)
You are resistant to unholy torment.
You are immune to petrification.


   Skills:
 - Level 4.1 Fighting
 + Level 6.1 Axes
 - Level 3.2 Armour
 - Level 3.2 Shields


You had 5 spell levels left.
You didn't know any spells.
Your spell library was empty.

Inventory:

Hand Weapons
 n - a +0 morningstar
 Y - a +1 war axe (weapon)
Armour
 c - a +0 buckler (worn)
 m - a +0 chain mail (worn)
 p - a +1 pair of gloves (worn)
Jewellery
 g - a ring of willpower (left hand)
 h - an amulet of regeneration (around neck)
Scrolls
 b - 3 scrolls of fog
 e - a scroll of identify
 j - 4 scrolls of teleportation
Potions
 a - a potion of cancellation
 d - 3 potions of might
 f - a potion of haste
 i - a potion of attraction
 k - 4 potions of curing
 q - a potion of berserk rage {unknown}
 r - a potion of heal wounds {unknown}
 t - a potion of flight {unknown}

Dungeon Overview and Level Annotations

Branches:
Dungeon (5/15)            Ossuary (visited)
 Temple: D:4-7

Altars:
Cheibriados
Fedhas
Nemelex Xobeh
Trog
Vehumet

Shops:
D:3 [   D:4 :


Message History

You block the gnoll's attack. The bullfrog barely misses you.
Your Axes skill increases to level 6!
You barely miss the gnoll.
The gnoll is almost dead.
You closely miss the bullfrog. You slash the gnoll bouda! You hit the gnoll.
The gnoll barely misses you. The gnoll hits you but does no damage.
You block the gnoll bouda's attack. You block the bullfrog's attack.
The bullfrog hits you but does no damage.
The gnoll hits you with a +0 whip. The gnoll bouda closely misses you.
The gnoll hits you with a +0 whip.
You completely miss the gnoll.
The gnoll is almost dead.
You closely miss the bullfrog. You closely miss the gnoll bouda.
You barely miss the gnoll.
The bullfrog hits you but does no damage.
You block the gnoll's attack.
The gnoll bouda prays to its god.
The gnoll bouda is healed somewhat.
The gnoll hits you but does no damage.
The bullfrog hits you but does no damage.
You hit the gnoll.
You kill the gnoll!
You closely miss the bullfrog.
You hit the gnoll bouda but do no damage.
You hit the gnoll. The bullfrog hits you. You block the gnoll bouda's attack.
The gnoll barely misses you. The adder bites you but does no damage.
The bullfrog hits you but does no damage.
You slash the gnoll!
You kill the gnoll!
You hit the bullfrog. You barely miss the gnoll bouda. You hit the adder.
The adder bites you but does no damage.
The gnoll bouda hits you with a +0 club!
The bullfrog hits you but does no damage.
You block the adder's attack.
4114 ||| READING 5 scrolls of teleportation.
As you read the scroll of teleportation, it crumbles to dust.
You feel strangely unstable.
The bullfrog hits you but does no damage.
The gnoll bouda hits you with a +0 club!
You die...

.......... ..........
.........# #........#
#........# #....##
#........###
##.....##......FgS..#
.......##..##..)@)###
##.........#...))...#
#.......#...........#
#.>....###..........#
.......>..........###
..................###
..###...............###
..##..:...........#...###
........#....#..........#


You could see a bullfrog, a gnoll bouda and an adder.

Vanquished Creatures
  A necrophage (D:4)
  A scorpion (D:3)
  2 orc wizards (D:4)
  An iguana (D:5)
  3 mummies (Ossuary)
  5 gnolls (D:5)
  2 adders (D:3)
  An ufetubus (D:5)
  2 adder zombies (Ossuary)
  A worm (D:3)
  A dart slug (D:1)
  An orc (D:4)
  6 bats
  10 endoplasms
  3 giant cockroaches
  A gnoll zombie (Ossuary)
  8 goblins
  4 hobgoblins
  4 jackals
  2 quokkas
  2 ball pythons (D:4)
  3 frilled lizards
  3 goblin zombies (Ossuary)
  3 hobgoblin zombies (Ossuary)
  10 kobolds
  4 kobold zombies (Ossuary)
  An orc zombie (Ossuary)
  8 rats
  4 rat zombies (Ossuary)
97 creatures vanquished.

Notes
Turn   | Place    | Note
-------+----------+-------------------------------------------
     0 | D:1      | qw the Gargoyle Fighter began the quest for the Orb.
     0 | D:1      | Reached XP level 1. HP: 14/14 MP: 1/1
     0 | D:1      | 0 ||| qw: Version: 0.1-a-119-g272c26d
     0 | D:1      | 0 ||| qw: Game counter: 10786
     0 | D:1      | 0 ||| qw: Always use a shield: true
     0 | D:1      | 0 ||| qw: God list: Okawaru
     0 | D:1      | 0 ||| qw: Allow faded altars: false
     0 | D:1      | 0 ||| qw: Do Orc after D:15 true
     0 | D:1      | 0 ||| qw: Do second Lair branch before Depths: true
     0 | D:1      | 0 ||| qw: Lair rune preference: random
     0 | D:1      | 0 ||| qw: Plans: Normal, Zot, God:TSO, Crypt, Tomb, Pan,
                  | Slime, Hells, Zig, Abyss, Orb
     0 | D:1      | 0 ||| PLANNING D:1-11
   124 | D:1      | Reached skill level 2 in Axes
   356 | D:1      | 356 ||| DROPPING +0 club.
   368 | D:1      | Reached XP level 2. HP: 17/19 MP: 2/2
   655 | D:1      | Found a faded altar of an unknown god.
   706 | D:1      | 706 ||| Stepping ~*~*~tactically~*~*~ (hiding).
   707 | D:1      | 707 ||| Stepping ~*~*~tactically~*~*~ (hiding).
   709 | D:1      | 709 ||| Stepping ~*~*~tactically~*~*~ (hiding).
  1182 | D:1      | Reached skill level 3 in Axes
  1362 | D:1      | 1362 ||| UPGRADING to +0 chain mail.
  1372 | D:1      | 1372 ||| DROPPING +0 scale mail.
  1373 | D:1      | 1373 ||| DROPPING amulet of faith.
  1374 | D:1      | 1374 ||| UPGRADING to ring of willpower.
  1375 | D:1      | 1375 ||| READING scroll labelled ESHIWK HYXIANT.
  1376 | D:1      | 1376 ||| READING scroll labelled QOISAI KONEFRI.
  1402 | D:2      | Reached XP level 3. HP: 23/23 MP: 3/3
  1693 | D:2      | 1693 ||| Stepping ~*~*~tactically~*~*~ (hiding).
  2013 | D:2      | 2013 ||| READING scroll labelled ICVIZE SYRAS.
  2014 | D:2      | 2014 ||| READING 3 scrolls labelled UFEOLU HUNOKUN.
  2015 | D:2      | 2015 ||| READING scroll labelled OLE BISHRER.
  2208 | D:3      | Noticed a scorpion
  2216 | D:3      | Killed a scorpion
  2217 | D:3      | Reached skill level 4 in Axes
  2217 | D:3      | Reached XP level 4. HP: 18/28 MP: 4/4
  2503 | D:3      | 2503 ||| FLEEEEING.
  2556 | D:3      | 2556 ||| Stepping ~*~*~tactically~*~*~ (stealth).
  2565 | D:3      | Reached XP level 5. HP: 29/32 MP: 5/5
  2677 | D:3      | Found Monacifi's Antique Armour Shoppe.
  2685 | D:3      | 2685 ||| SHOPLISTING crude ring mail (279 gold, have 53).
  2685 | D:3      | 2685 ||| SHOPLISTING glowing chain mail (232 gold, have
                  | 53).
  2685 | D:3      | 2685 ||| SHOPLISTING scorched chain mail (294 gold, have
                  | 53).
  2685 | D:3      | 2685 ||| SHOPLISTING shiny helmet (232 gold, have 53).
  2827 | D:3      | 2827 ||| Stepping ~*~*~tactically~*~*~ (stealth).
  2829 | D:3      | 2829 ||| Stepping ~*~*~tactically~*~*~ (stealth).
  2830 | D:3      | 2830 ||| Stepping ~*~*~tactically~*~*~ (stealth).
  2921 | D:3      | 2921 ||| READING scroll labelled VIMERGH ODIHOWK.
  2922 | D:3      | 2922 ||| READING scroll labelled IGGIDECS YRIN.
  2923 | D:3      | 2923 ||| READING scroll labelled QOPPAK ATAHU.
  2924 | D:3      | 2924 ||| DRINKING 2 inky potions.
  2925 | D:3      | 2925 ||| DRINKING 2 emerald potions.
  2926 | D:3      | 2926 ||| DRINKING 2 bubbling yellow potions.
  2927 | D:3      | 2927 ||| DROPPING potion of degeneration.
  2992 | D:4      | Reached skill level 5 in Axes
  3017 | D:4      | 3017 ||| FLEEEEING.
  3018 | D:4      | 3018 ||| Stepping ~*~*~tactically~*~*~ (hiding).
  3027 | D:4      | Reached XP level 6. HP: 16/38 MP: 6/6
  3208 | D:4      | 3208 ||| DROPPING +0 whip.
  3245 | D:4      | 3245 ||| UPGRADING to amulet of regeneration.
  3252 | D:4      | 3252 ||| READING 2 scrolls of identify.
  3252 | D:4      | 3252 ||| IDENTIFYING metallic silvery potion
  3253 | D:4      | 3253 ||| Stepping randomly (stuck).
  3254 | D:4      | 3254 ||| Stepping randomly (stuck).
  3255 | D:4      | 3255 ||| Stepping randomly (stuck).
  3256 | D:4      | 3256 ||| Stepping randomly (stuck).
  3257 | D:4      | 3257 ||| Stepping randomly (stuck).
  3291 | D:4      | Found a snail-covered altar of Cheibriados.
  3336 | D:4      | Found a sparkling altar of Nemelex Xobeh.
  3339 | D:4      | Found a bloodstained altar of Trog.
  3342 | D:4      | Found a radiant altar of Vehumet.
  3351 | D:4      | Found Emeffimp's Book Boutique.
  3403 | D:4      | 3403 ||| DROPPING +0 flail.
  3763 | D:4      | 3763 ||| UPGRADING to +0 pair of gloves.
  3768 | D:4      | 3768 ||| DROPPING amulet of magic regeneration.
  3769 | D:4      | 3769 ||| DROPPING +6 ring of intelligence.
  3770 | D:4      | 3770 ||| DRINKING 2 silvery potions.
  3788 | D:5      | Entered Level 5 of the Dungeon
  3788 | D:5      | Found a blossoming altar of Fedhas.
  3789 | D:5      | 3789 ||| PLANNING OSSUARY
  3830 | D:5      | Found a sand-covered staircase.
  3839 | Ossuary  | Entered an ossuary
  3850 | Ossuary  | HP: 9/38 [mummy (9)]
  3851 | Ossuary  | 3851 ||| READING 4 scrolls of teleportation.
  3851 | Ossuary  | HP: 3/38 [mummy (2)]
  4054 | Ossuary  | 4054 ||| READING scroll of enchant armour.
  4054 | Ossuary  | 4054 ||| ENCHANTING +0 pair of gloves.
  4074 | Ossuary  | 4074 ||| READING scroll labelled YLOOTASYAWK.
  4075 | Ossuary  | 4075 ||| READING scroll labelled CINTOSCHU BIYKK.
  4076 | Ossuary  | 4076 ||| READING 2 scrolls of identify.
  4076 | Ossuary  | 4076 ||| IDENTIFYING puce potion
  4077 | Ossuary  | 4077 ||| DROPPING potion of invisibility.
  4082 | D:5      | 4082 ||| PLANNING D:1-11
  4110 | D:5      | Reached skill level 6 in Axes
  4113 | D:5      | HP: 6/38 [gnoll bouda/+0 club (7)]
  4114 | D:5      | 4114 ||| READING 5 scrolls of teleportation.
  4114 | D:5      | Slain by a gnoll bouda

Levels and vault maps discovered:
D:1:      dpeg_arrival_water_fire, layout_basic, ebering_ecumenical_altar_box
D:2:      layout_loops_ring, kennysheep_crisscross
D:3:      layout_rooms, serial_shops, nicolae_shop_advertising_works
          [nicolae_subvault_shop_adworks], st_stairs_4, hex_large
D:4:      layout_loops_ring, lemuel_doored_altar, grunt_temple_overflow_open,
          serial_shops, shop, skrybe_limestone_x
D:5:      layout_cave_pools, grunt_temple_overflow_forces_of_nature,
          lightli_ossuary_entry_decrepit_ruins, minivault_23

Skill      XL: |  1  2  3  4  5  6 |
---------------+-------------------+-----
Axes           | 2 3 4 5 6 |  6.1
Fighting       | 4 |  4.1
Armour         | |  3.2
Shields        | |  3.2

Action                   |  1- 3 |  4- 6 || total
-------------------------+-------+-------++-------
Melee: War axe           |   107 |   157 ||   264
  Use: Scroll            |     5 |    10 ||    15
       Potion            |       |     4 ||     4
Armor: Scale mail        |    29 |       ||    29
       Chain mail        |    19 |   113 ||   132
Dodge: Dodged            |    57 |    69 ||   126
Block: Buckler           |    28 |    29 ||    57

Table legend:
 A = Non-vault XP
 B = Vault XP
 C = Vault XP percentage of total XP
 D = Non-vault monster count
 E = Vault monster count
 F = Vault count percentage of total count
                 A         B        C        D         E       F
            +---------+---------+-------+---------+---------+-------
      Total |     480 |      87 |  15.3 |      74 |      23 |  23.7
            +---------+---------+-------+---------+---------+-------
        D:1 |      33 |       0 |   0.0 |      20 |       0 |   0.0
        D:2 |      23 |       0 |   0.0 |      14 |       0 |   0.0
        D:3 |     132 |       4 |   2.9 |      17 |       2 |  10.5
        D:4 |     178 |       0 |   0.0 |      16 |       0 |   0.0
        D:5 |     114 |       0 |   0.0 |       7 |       0 |   0.0
    Ossuary |       0 |      83 | 100.0 |       0 |      21 | 100.0
            +---------+---------+-------+---------+---------+-------
